Map: Ruínas de Seras

Players

ToP

  • Race: Zerg Zerg
  • League: Master

TheZergLord - Winner!

  • Race: Zerg Zerg
  • League: Master

VOD

Have the link to the VOD?

Description

Time

  • Played on: Feb. 27, 2016, 1:59 p.m.
  • Length: 10:45
Show
View Real Time Build Order
Export as new Build Order

ToP Zerg 

Build Orders: Hatch First 

Get SALT Encoding   

  12  0:01  Drone  
  13  0:13  Overlord  
  13  0:18  Drone  
  14  0:31  Drone x2  
  16  0:50  Hatchery  
  16  0:53  Drone  
  16  0:56  Drone  
  17  1:00  Extractor  
  16  1:06  Drone  
  17  1:17  Spawning Pool  
  16  1:24  Drone  
  16  1:25  Drone  
  18  1:31  Drone  
  19  1:40  Overlord  
  19  1:51  Drone  
  20  2:02  Drone  
  20  2:04  Queen  
  20  2:05  Queen  
  25  2:11  Metabolic Boost  
  25  2:15  Zergling x2  
  26  2:19  Drone  
  26  2:22  Zergling x2  
  28  2:25  Drone  
  28  2:28  Drone  
  30  2:40  Baneling Nest  
  30  2:41  Drone  
  30  2:42  Drone  
  31  2:48  Drone x2  
  33  2:54  Overlord  
  33  2:58  Drone  
  34  3:06  Drone  
  35  3:15  Zergling x4  
  35  3:19  Hatchery  
  36  3:20  Zergling x4  
  37  3:30  Zergling x6  
  37  3:31  Zergling x4  
  42  3:40  Baneling  
  42  3:43  Overlord, Zergling x2  
  43  3:59  Baneling x2  
  43  4:02  Zergling x8  
  47  4:03  Zergling x4  
  48  4:16  Roach Warren, Evolution Chamber  
  44  4:33  Baneling x2  
  44  4:34  Drone x2  
  44  4:35  Drone x4  
  44  4:37  Extractor, Overlord x2  
  49  4:46  Zerg Missile Weapons Level 1  
  49  4:47  Drone  
  50  4:55  Queen  
  52  5:02  Baneling x2  
  52  5:06  Roach  
  64  5:07  Roach x5  
  64  5:08  Drone  
  64  5:09  Drone  
  65  5:15  Overlord  
  53  5:47  Overlord  
  51  5:51  Drone  
  51  5:52  Drone x11  
  51  5:55  Lair  
  63  6:08  Baneling x2  
  63  6:11  Drone  
  63  6:12  Drone x2  
  63  6:16  Baneling x3  
  63  6:18  Baneling  
  66  6:22  Zergling x2  
  66  6:23  Zergling x12  
  73  6:26  Baneling  
  73  6:27  Baneling x4  
  64  7:03  Drone  
  64  7:04  Drone x8  
  64  7:06  Overlord x4  
  73  7:09  Glial Reconstitution  
  73  7:16  Overlord  
  71  7:35  Baneling  
  71  7:38  Baneling  
  71  7:39  Roach  
  71  7:40  Roach x6  
  71  7:41  Roach  
  41  8:10  Roach  
  41  8:11  Roach x3  
  38  8:18  Drone x5  
  39  9:08  Drone x3  
  42  9:11  Extractor  
  41  9:33  Drone x2  
  43  9:43  Spawning Pool  
  42  10:15  Roach x2  
  42  10:16  Roach  
Show
View Real Time Build Order
Export as new Build Order

TheZergLord Zerg - Winner!

Build Orders: Hatch First 

Get SALT Encoding   

  12  0:01  Drone  
  13  0:13  Overlord  
  13  0:18  Drone  
  14  0:31  Drone x2  
  14  0:35  Drone  
  17  0:53  Hatchery  
  17  0:56  Drone  
  17  1:10  Spawning Pool  
  16  1:13  Extractor  
  16  1:15  Drone  
  16  1:19  Drone  
  16  1:23  Drone  
  18  1:31  Drone  
  19  1:40  Overlord  
  19  1:57  Queen  
  19  1:58  Zergling x2  
  22  2:05  Queen  
  22  2:06  Drone x2  
  26  2:11  Drone  
  26  2:14  Metabolic Boost  
  27  2:23  Drone x2  
  29  2:31  Drone  
  29  2:35  Queen  
  32  2:41  Baneling Nest  
  31  2:58  Overlord  
  31  2:59  Drone x2  
  31  3:00  Drone  
  33  3:12  Hatchery  
  32  3:21  Drone x3  
  32  3:22  Evolution Chamber, Zergling x2  
  32  3:24  Zergling x2  
  36  3:35  Zergling x6  
  36  3:36  Zergling x2  
  36  3:39  Overlord  
  40  3:44  Drone  
  40  3:46  Drone  
  42  3:51  Zergling x2  
  42  4:01  Baneling x3  
  41  4:05  Zergling x12  
  47  4:14  Zergling x2  
  48  4:18  Overlord  
  46  4:33  Zergling x2  
  46  4:34  Zergling x12  
  53  4:44  Zergling x4  
  55  4:49  Overlord  
  55  4:58  Baneling x4  
  55  5:01  Baneling x4  
  55  5:09  Zergling x14  
  55  5:10  Zergling x2  
  55  5:13  Zergling x4  
  55  5:14  Zergling x2  
  66  5:15  Overlord x2  
  63  5:41  Drone x4  
  58  5:50  Zergling x2  
  58  5:51  Extractor, Roach Warren, Zergling x2  
  58  5:52  Zergling x18  
  67  6:00  Queen x3  
  73  6:05  Zergling x4  
  73  6:06  Zergling x2  
  73  6:07  Baneling x2  
  73  6:08  Baneling  
  76  6:14  Zergling x2  
  76  6:15  Zergling x6  
  80  6:24  Zergling x4  
  82  6:26  Overlord x2  
  74  6:53  Roach x2  
  74  6:54  Roach x6  
  87  7:04  Queen  
  87  7:06  Roach  
  83  7:33  Roach x4  
  83  7:35  Overlord x2  
  75  8:03  Roach  
  73  8:05  Overlord  
  73  8:06  Overlord x2  
  56  8:36  Zergling x8  
  56  8:37  Zergling x4  
  45  8:58  Zergling x4  
  45  8:59  Zergling x4  
  49  9:06  Spine Crawler x2  
  49  9:07  Spine Crawler  
  49  9:09  Hatchery  
  43  9:10  Roach, Zergling x2  
  43  9:20  Queen  
  43  9:22  Roach  
  43  9:23  Roach x2  
  51  9:37  Roach x2  
  51  9:38  Roach  
  57  9:52  Drone x5  
  62  9:53  Drone x3  
  65  10:03  Drone  
  65  10:06  Extractor  
  65  10:07  Extractor  
  64  10:08  Drone  
  64  10:09  Roach  
Tags
 
Add a new tag
Caveats
  • Supply blocks, unpowered buildings, or Contaminate may cause inaccurate times.
  • Supply counts are checked every 10 seconds.